 Dungeon Crawl Stone Soup version 0.23-a0-386-g9c9d49f (webtiles) character file.

34 varaam the Magician (level 3, -2/24 HPs)
             Began as a Mummy Fire Elementalist on Oct 22, 2018.
             Killed from afar by Sigmund (13 damage)
             ... with a puff of flame
             ... on level 1 of the Dungeon on Oct 28, 2018.
             The game lasted 00:04:30 (1572 turns).

varaam the Magician (Mummy Fire Elementalist)       Turns: 1572, Time: 00:04:30

Health: -2/24      AC:  2    Str: 11    XL:     3   Next: 14%
Magic:  1/7        EV: 12    Int: 15    God:
Gold:   23         SH:  0    Dex: 12    Spells: 7/8 levels left

rFire    x . .     SeeInvis .   (no weapon)
rCold    + . .     Gourm    .   (no shield)
rNeg     + + +     Faith    .   a - +0 robe
rPois    ∞         Spirit   .   (no helmet)
rElec    .         Reflect  .   (no cloak)
rCorr    .         Harm     .   (no gloves)
MR       .....                  (no boots)
Stlth    ++........             (no amulet)
HPRegen  0.08/turn              (no ring)
MPRegen  0.10/turn              (no ring)

@: no status effects
A: no food or potions, fire vulnerability, cold resistance 1, negative energy
resistance 3, torment resistance, unbreathing
a: no special abilities


You were on level 1 of the Dungeon.
You were not hungry.

You visited 1 branch of the dungeon, and saw 2 of its levels.

You collected 23 gold pieces.

Inventory:

Missiles
 e - 14 poisoned needles
 Q - 4 stones (quivered)
Armour
 a - a +0 robe (worn)
Jewellery
 f - a cursed -3 ring of strength {unknown}
Scrolls
 b - a scroll of fear {unknown}
 c - 3 scrolls of random uselessness {unknown}
 d - a scroll of immolation {unknown}
 g - a scroll of identify {unknown}
 h - a scroll of teleportation {unknown}


   Skills:
 - Level 1.5 Dodging
 - Level 1.5 Stealth
 + Level 3.3 Spellcasting
 + Level 1.5 Conjurations
 * Level 2.9 Fire Magic


You had 7 spell levels left.
You knew the following spells:

 Your Spells              Type           Power        Failure   Level  Hunger
a - Flame Tongue          Conj/Fire      #....        8%          1    N/A

Your spell library contained the following spells:

 Spells                   Type           Power        Failure   Level  Hunger
 Throw Flame              Conj/Fire      #.....       12%         2    N/A
 Conjure Flame            Conj/Fire      #.......     24%         3    N/A
 Inner Flame              Hex/Fire       #.......     32%         3    N/A
 Sticky Flame             Conj/Fire      #.......     61%         4    N/A
 Fireball                 Conj/Fire      #.........   91%         5    N/A

Dungeon Overview and Level Annotations

Branches:
Dungeon (2/15)

Altars:

Annotations:
D:1 Sigmund


Innate Abilities, Weirdness & Mutations

You do not eat or drink.
Your flesh is vulnerable to fire.
You are immune to poison.
Your flesh is cold resistant. (rC+)
You are immune to negative energy. (rN+++)
You are immune to unholy pain and torment.
You can survive without breathing.


Message History

You now have 0/7 mp.
You don't have enough magic to cast that spell.
Unknown command.
Sigmund casts a spell at you. The puff of flame hits you!
The fire burns you terribly!
There is a stone staircase leading up here.
You take 4 damage, and have 13/24 hp.
Sigmund hits you with a +0 scythe.
* * * LOW HITPOINT WARNING * * *
You climb upwards.
There is a stone staircase leading down here.
You take 2 damage, and have 11/24 hp.
Unknown command.
Sigmund gestures wildly while chanting.
Sigmund flickers and vanishes!
Deactivating autopickup; reactivate with Ctrl-A.
A puff of flame appears from out of thin air!
The puff of flame hits you! The fire burns you terribly!
Ouch! That really hurt!
You die...

......[.#....#...#..#
....###.####.#.#.#..#
....# #......#.#.#..#
....##########.#.#..#
.#.##......# #.#.#..#
.#....####.# #.#.#..#
...........###.#.#..#
.............#.#.#..#
#.#######..#.#.#@#..#
.....#.....#.#.#.#..#
..##.#.##....#{#.#..#
...#.#.##.....>#.#..#
...#.#.##.#....{....#
.....#....##.....#.##
...###############.#
...................#
.........###########


There were no monsters in sight!

Vault maps used:
D:1:      minmay_arrival_stair_chambers
D:2:      corner_web_ring, st_stairs_1, nicolae_underground_beach, uniq_robin,
          uniq_sigmund

Notes
Turn   | Place    | Note
-------+----------+-------------------------------------------
     0 | D:1      | varaam the Mummy Fire Elementalist began the quest for the
                  | Orb.
     0 | D:1      | Reached XP level 1. HP: 13/13 MP: 4/4
     0 | D:1      | Upgraded the game from 0.23-a0-358-g98c7a59 to
                  | 0.23-a0-386-g9c9d49f
    31 | D:1      | Identified a +0 dagger
   280 | D:1      | Reached skill level 1 in Conjurations
   329 | D:1      | Reached skill level 3 in Spellcasting
   329 | D:1      | Reached XP level 2. HP: 19/19 MP: 3/6
   433 | D:1      | Identified a +0 club
   575 | D:1      | Identified a +0 short sword
   709 | D:1      | Identified a +0 dagger
   963 | D:1      | Identified a +0 club
  1326 | D:2      | Identified a +0 whip
  1339 | D:2      | Identified a +0 club
  1417 | D:2      | Reached XP level 3. HP: 23/24 MP: 3/7
  1473 | D:2      | Identified a +0 club
  1474 | D:2      | Identified a +0 dagger
  1553 | D:2      | Identified a +0 scythe
  1553 | D:2      | Identified a +0 robe
  1553 | D:2      | Noticed Sigmund
  1572 | D:1      | Killed from afar by Sigmund

Table legend:
 A = Turns spent in this place as a percentage of turns spent in the entire game.
 B = Non-inter-level travel turns spent in this place as a percentage of non-inter-level travel turns spent in the entire game.
 C = Inter-level travel turns spent in this place as a percentage of turns spent in this place.
 D = Turns resting spent in this place as a percentage of non-inter-level travel turns spent in this place.
 E = Turns spent auto-exploring this place as a percentage of non-inter-level travel turns spent in this place.
 F = Non-inter-level travel turns spent in this place divided by the number of levels of this place that you've seen.
                   A       B       C       D       E      F
               +-------+-------+-------+-------+-------+----------------------
         Total | 100.0 | 100.0 |   1.7 |  10.0 |  74.1 | 773.0
       Dungeon | 100.0 | 100.0 |   1.7 |  10.0 |  74.1 | 773.0
               +-------+-------+-------+-------+-------+----------------------

Table legend:
 A = Kills in this place as a percentage of kills in entire the game.
 B = Kills by you in this place as a percentage of kills by you in the entire game.
 C = Kills by friends in this place as a percentage of kills by friends in the entire game.
 D = Other kills in this place as a percentage of other kills in the entire game.
 E = Experience gained in this place as a percentage of experience gained in the entire game.
 F = Experience gained in this place divided by the number of levels of this place that you have seen.
                   A       B       C       D       E      F
               +-------+-------+-------+-------+-------+----------------------
         Total | 100.0 | 100.0 |   N/A |   N/A | 100.0 |  24.5
       Dungeon | 100.0 | 100.0 |   N/A |   N/A | 100.0 |  24.5
               +-------+-------+-------+-------+-------+----------------------

Skill      XL: |  1 |
---------------+----+-----
Conjurations   | 1 |  1.5
Spellcasting   | 3 |  3.3
Dodging        | |  1.5
Stealth        | |  1.5
Fire Magic     | |  2.9

Action                   || total
-------------------------++-------
 Cast: Flame Tongue      ||    53
Armor: Robe              ||     2
Dodge: Dodged            ||    18

Vanquished Creatures
  2 dart slugs (D:1)
  3 giant cockroaches (D:1)
  4 goblins
  3 hobgoblins
  2 jackals (D:2)
  5 bats
  5 kobolds
  4 rats
28 creatures vanquished.
